 Dungeon Crawl Stone Soup version 0.30-a0-394-g3e4acdb0ae (webtiles) character file.

Game seed: 7468246969524309289

1010 retardedninja the Chopper (level 8, 0/109 HPs)
             Began as a Hill Orc Fighter on Dec 6, 2022.
             Slain by a water moccasin (6 damage)
             ... on level 6 of the Dungeon.
             The game lasted 00:05:45 (4241 turns).

retardedninja the Chopper (Hill Orc Fighter)        Turns: 4241, Time: 00:05:46

Health: 0/109      AC: 11    Str: 21    XL:     8   Next: 21%
Magic:  8/8        EV:  7    Int:  8    God:
Gold:   182        SH:  4    Dex: 10    Spells: 7/7 levels left

rFire   . . .      SeeInvis .    a - +0 war axe
rCold   . . .      Faith    .    c - +0 buckler
rNeg    . . .      Spirit   .    s - +0 chain mail
rPois   .          Reflect  .    (no helmet)
rElec   .          Harm     .    (no cloak)
rCorr   .          Rampage  .    w - +0 pair of gloves
Will    .....                    (no boots)
Stlth   ..........               (no amulet)
HPRegen 0.38/turn                (no ring)
MPRegen 0.11/turn                (no ring)

@: berserking, lethally poisoned (0 -> -2), flying, very quick
A: no striking features
a: no special abilities


You were on level 6 of the Dungeon.
You visited 1 branch of the dungeon, and saw 5 of its levels.

You collected 182 gold pieces.

Inventory:

Hand Weapons
 a - a +0 war axe (weapon)
Armour
 c - a +0 buckler (worn)
 s - a +0 chain mail (worn)
 w - a +0 pair of gloves (worn)
Jewellery
 l - a ring of wizardry
 y - an amulet of faith
Wands
 q - a wand of flame (25)
 r - a wand of quicksilver (11)
 x - a wand of iceblast (5)
Scrolls
 b - a scroll of fear {unknown}
 d - 3 scrolls of teleportation
 e - a scroll of noise {unknown}
 f - 2 scrolls of immolation
 j - a scroll of identify
 m - a scroll of poison
 o - a scroll of blinking {unknown}
Potions
 g - a potion of curing {unknown}
 h - 2 potions of brilliance
 p - a potion of ambrosia {unknown}
 t - a potion of lignification
 v - a potion of cancellation {unknown}


   Skills:
 + Level 7.1 Fighting
 + Level 7.1 Axes
 + Level 6.4 Armour
 - Level 4.4 Shields


You had 7 spell levels left.
You didn't know any spells.
Your spell library was empty.

Dungeon Overview and Level Annotations

Branches:
Dungeon (4/15)
 Temple: D:4-7

Altars:

Shops:
D:3 (


Message History

It was a potion of flight.
You feel very buoyant.
You fly up into the air.
* * * LOW HITPOINT WARNING * * *
You feel very sick.
The water moccasin bites you but does no damage.
It was a potion of magic.
Magic courses through your body.
* * * LOW HITPOINT WARNING * * *
You feel very sick. The water moccasin closely misses you.
The water moccasin bites you.
* * * LOW HITPOINT WARNING * * *
It was a potion of berserk rage.
A red film seems to cover your vision as you go berserk!
You feel yourself moving faster!
You feel mighty!
You feel very sick.
A bullfrog comes into view.
The water moccasin closely misses you.
Unknown command.
The bullfrog croaks.
You slash the water moccasin!
The water moccasin is severely wounded.
You feel sick.
The water moccasin bites you but does no damage.
You miss the water moccasin.
The water moccasin is severely wounded.
You feel sick.
The water moccasin bites you but does no damage.
You hit the water moccasin.
The water moccasin is almost dead.
You feel sick. The water moccasin closely misses you.
You miss the water moccasin.
The water moccasin is almost dead.
The water moccasin barely misses you.
You miss the water moccasin.
The water moccasin is almost dead.
You feel sick. The water moccasin barely misses you.
You closely miss the water moccasin.
The water moccasin is almost dead.
You feel sick. The water moccasin bites you.
You die...

........?
........#
..........#
..........#
.........[#
.........#######<
#...$...F.......
#.......@S..#
#.........#.#
#.........#
#.........#
##.###.#.......
#..#...#........
#..####........
#.## #........
#.# ######.##


You could see a water moccasin and a bullfrog.

Vanquished Creatures
  A hornet (D:4)
  Sigmund (D:3)
  A black bear (D:4)
  A phantom (D:4)
  3 orc priests
  2 hounds
  An iguana (D:4)
  Jessica (D:2)
  Natasha (thrice) (D:3)
  An orc wizard (D:4)
  Robin (D:3)
  6 adders
  5 worms
  A dart slug (D:4)
  12 orcs
  6 endoplasms
  5 giant cockroaches
  14 goblins
  10 hobgoblins
  8 kobolds
  A quokka (D:3)
  6 ball pythons
  8 bats
  A frilled lizard (D:3)
  6 rats
105 creatures vanquished.

Notes
Turn   | Place    | Note
-------+----------+-------------------------------------------
     0 | D:1      | retardedninja the Hill Orc Fighter began the quest for the
                  | Orb.
     0 | D:1      | Reached XP level 1. HP: 19/19 MP: 1/1
    97 | D:1      | Reached XP level 2. HP: 27/27 MP: 2/2
   486 | D:1      | Reached XP level 3. HP: 29/33 MP: 3/3
   976 | D:2      | Noticed Jessica
   980 | D:2      | Killed Jessica
   981 | D:2      | Reached XP level 4. HP: 20/40 MP: 4/4
  1924 | D:3      | Reached XP level 5. HP: 28/47 MP: 5/5
  2112 | D:3      | Noticed Natasha
  2117 | D:3      | Killed Natasha
  2130 | D:3      | Noticed Sigmund
  2147 | D:3      | Killed Sigmund
  2148 | D:3      | Reached skill level 5 in Fighting
  2148 | D:3      | Reached skill level 5 in Axes
  2148 | D:3      | Reached XP level 6. HP: 38/56 MP: 6/6
  2230 | D:3      | Reached skill level 5 in Armour
  2441 | D:3      | Found Fecec's Antique Weapon Emporium.
  2534 | D:3      | Noticed Natasha
  2542 | D:3      | Killed Natasha
  2543 | D:3      | Reached XP level 7. HP: 56/62 MP: 7/7
  2568 | D:3      | Noticed Robin
  2578 | D:3      | Killed Robin
  2626 | D:3      | Noticed Natasha
  2654 | D:3      | Killed Natasha
  3292 | D:4      | Identified the +0 ring mail of Dice, Bag, and Bottle
                  | {Will++ MP+9 Int+3 Dex-4}
  3541 | D:4      | Noticed a hornet
  3545 | D:4      | Paralysed by a hornet for 2 turns
  3559 | D:4      | Killed a hornet
  3560 | D:4      | Reached XP level 8. HP: 32/73 MP: 8/8
  4204 | D:4      | You fall into a shaft and drop 2 floors!
  4241 | D:6      | Slain by a water moccasin

Illustrated notes

Levels and vault maps discovered:
D:1:      scummos_arrival_gate, layout_loops_ring, st_stairs_4
D:2:      layout_loops_cross, minmay_tall_x, uniq_jessica
D:3:      layout_loops_ring, serial_shops, nicolae_square_shop, uniq_robin,
          uniq_natasha, uniq_sigmund
D:4:      layout_cave_pods
D:6:      layout_rooms, minmay_temple_entry_statues_pillars,
          amcnicky_mini_pool_medium

Skill      XL: |  1  2  3  4  5  6  7 |
---------------+----------------------+-----
Axes           | 3 4 5 7 |  7.1
Fighting       | 4 5 7 |  7.1
Shields        | 4 |  4.4
Armour         | 4 5 6 |  6.4

Action                   |  1- 3 |  4- 6 |  7- 9 || total
-------------------------+-------+-------+-------++-------
Melee: War axe           |    54 |   133 |   135 ||   322
  Use: Scroll            |       |     3 |     2 ||     5
       Potion            |       |       |     8 ||     8
Armor: Scale mail        |    24 |     2 |       ||    26
       Chain mail        |       |    53 |    82 ||   135
       Skin              |       |       |    17 ||    17
Dodge: Dodged            |    28 |    30 |    57 ||   115
Block: Buckler           |    18 |    31 |    31 ||    80

Table legend: (Time is in decaauts)
 A = Elapsed time spent in this place.
 B = Non-inter-level travel time spent in this place.
 C = Inter-level travel time spent in this place.
 D = Time resting spent in this place.
 E = Time spent auto-exploring this place.
 F = Levels seen in this place.
 G = Mean time per level.
                   A        B        C        D        E       F      G
               +--------+--------+--------+--------+--------+-----+--------+
         Total |   4336 |   4274 |     62 |   1007 |   2501 |   5 |  867.2 |
       Dungeon |   4336 |   4274 |     62 |   1007 |   2501 |   5 |  867.2 |
               +--------+--------+--------+--------+--------+-----+--------+

Top non-repeatable levels by time:
     D:4: 1325 daAuts
     D:2: 1179 daAuts
     D:3: 1083 daAuts
     D:1: 712 daAuts
     D:6: 36 daAuts
